 Dungeon Crawl Stone Soup version 0.26-a0-26-ge22fd8933b (webtiles) character file.

Game seed: 1672747894571216232, levelgen mode: deterministic

138 FHLogan the Chucker (level 5, -3/49 HPs)
             Began as a Troll Hunter on May 27, 2020.
             Killed from afar by an orc wizard (8 damage)
             ... with a puff of flame
             ... on level 4 of the Dungeon.
             The game lasted 00:18:55 (2918 turns).

FHLogan the Chucker (Troll Hunter)                  Turns: 2918, Time: 00:18:55

Health: -3/49      AC:  6    Str: 27    XL:     5   Next: 1%
Magic:  4/4        EV: 10    Int:  7    God:
Gold:   127        SH:  0    Dex: 10    Spells: 4/4 levels left

rFire    . . .     SeeInvis .   t - +2 spear (venom)
rCold    . . .     Gourm    +   (no shield)
rNeg     . . .     Faith    .   b - +0 robe
rPois    .         Spirit   .   (helmet restricted)
rElec    .         Reflect  .   (no cloak)
rCorr    .         Harm     .   (gloves unavailable)
MR       .....                  (boots unavailable)
Stlth    +.........             (no amulet)
HPRegen  0.56/turn              y - +6 ring of strength
MPRegen  0.09/turn              (no ring)

@: no status effects
A: large, unfitting armour, claws 3, fast metabolism 3, gourmand, regeneration
1, shaggy fur 1, tough skin 3
a: no special abilities


You were on level 4 of the Dungeon.
You were very full.

You visited 1 branch of the dungeon, and saw 4 of its levels.

You collected 127 gold pieces.

Inventory:

Hand Weapons
 a - a +0 short sword
 r - a +0 vorpal hand axe
 t - a +2 spear of venom (weapon)
Missiles
 g - 15 sling bullets
 h - 157 stones (quivered)
 u - 10 poisoned darts
Armour
 b - a +0 robe (worn)
Jewellery
 y - a +6 ring of strength (left claw)
Wands
 v - a wand of enslavement (8)
Scrolls
 e - a scroll of identify
 l - 2 scrolls of enchant armour
 m - a scroll of magic mapping
 s - a scroll of random uselessness {unknown}
 x - a scroll of enchant weapon {unknown}
Potions
 d - a potion of ambrosia {unknown}
 i - 2 potions of stabbing {unknown}
 j - 2 potions of curing {unknown}
 k - 2 potions of flight {unknown}
 w - 3 potions of brilliance {unknown}
Comestibles
 f - 7 rations


   Skills:
 + Level 1.7 Fighting
 + Level 0.1 Short Blades
 + Level 0.1 Axes
 + Level 5.1 Throwing
 + Level 1.9 Dodging
 + Level 1.2 Stealth


You had 4 spell levels left.
You didn't know any spells.
Your spell library was empty.

Dungeon Overview and Level Annotations

Branches:
Dungeon (4/15)             Temple (0/1) D:4

Altars:
Cheibriados
Kikubaaqudgha
Okawaru
Vehumet
The Shining One


Innate Abilities, Weirdness & Mutations

You are too large for most types of armour.
You have claws for hands.
Your metabolism is lightning-fast.
You like to eat raw meat.
Your natural rate of healing is unusually fast.
You are covered in fur. (AC +1)
You have extremely tough skin. (AC +3)


Message History

You have reached level 5!
A magic dart appears from out of thin air!
The magic dart hits you.
* * * LOW HITPOINT WARNING * * *
You see here a large rock.
A magic dart appears from out of thin air!
The magic dart hits you!
* * * LOW HITPOINT WARNING * * *
Throwing (i - inventory. (/) - cycle)
h - 157 stones (quivered)
Press: ? - help, Shift-Dir - straight line, f - you Really target yourself?
Okay, then.
You hear some strange, mumbled words.
A puff of flame appears from out of thin air!
The puff of flame hits you.
* * * LOW HITPOINT WARNING * * *
You hear some strange, mumbled words.
A puff of flame appears from out of thin air!
The puff of flame hits you!
You die...

**,*##..#....##.≈≈≈≈≈≈,,,≈≈≈
*,* #..#.......≈≈≈≈≈≈,>,≈≈≈
*,* #..#.....#.≈≈≈≈≈≈,,,≈≈≈
*,* #..........≈≈≈≈≈≈≈≈≈≈≈≈
*,* #...........≈≈≈≈≈≈≈≈≈≈≈
*,* ###...#.......≈≈≈≈≈≈≈≈≈
*,* #.............≈≈≈≈≈,,
**,*####.%.#{.........,,,,,,
*,,,!.....$@........#.,,*,,,
****.###.#.#........#,,,*,,,
*,* #.#............,,,,,,
*,* *,#..#.####..#.,,**,,
*,* *,#..#.#*,*..#,,,****
*,* *,#.....,,,,..,,,*
*,***,.......,,,,,,,,*
*,,,,....,...,,,***,**
*****,*,,*^,*,*** *,*


There were no monsters in sight!

Vanquished Creatures
  An orc priest (D:4)
  A jelly (D:3)
  An ooze (D:1)
  2 dart slugs (D:1)
  2 orcs (D:4)
  2 giant cockroaches
  7 goblins
  7 hobgoblins
  7 jackals
  4 quokkas
  8 bats
  4 frilled lizards
  8 kobolds
  11 rats
65 creatures vanquished.

Notes
Turn   | Place    | Note
-------+----------+-------------------------------------------
     0 | D:1      | FHLogan the Troll Hunter began the quest for the Orb.
     0 | D:1      | Reached XP level 1. HP: 19/19 MP: 0/0
    69 | D:1      | Reached skill level 4 in Throwing
    69 | D:1      | Reached XP level 2. HP: 27/27 MP: 1/1
   581 | D:1      | Reached XP level 3. HP: 35/35 MP: 2/2
   806 | D:1      | Found a glowing golden altar of the Shining One.
  1510 | D:2      | Found a snail-covered altar of Cheibriados.
  1513 | D:2      | Found a radiant altar of Vehumet.
  1525 | D:2      | Found an ancient bone altar of Kikubaaqudgha.
  1727 | D:2      | Found an iron altar of Okawaru.
  1844 | D:3      | Reached skill level 1 in Stealth
  1844 | D:3      | Reached XP level 4. HP: 42/42 MP: 3/3
  2903 | D:4      | Reached skill level 5 in Throwing
  2903 | D:4      | Reached XP level 5. HP: 11/49 MP: 4/4
  2918 | D:4      | Killed from afar by an orc wizard

Illustrated notes

Levels and vault maps discovered:
D:1:      dpeg_arrival_oval, layout_basic, chequers_serial_rivers_micro_a,
          tso_altar
D:2:      layout_loops_cross, minmay_overflow_temple_star_quad,
          marbit_many_paths
D:3:      layout_basic
D:4:      layout_basic, temple_pool_b, uniq_robin

Skill      XL: |  1  2  3  4 |
---------------+-------------+-----
Throwing       | 4 5 |  5.1
Stealth        | 1 |  1.2
Fighting       | |  1.7
Short Blades   | |  0.1
Axes           | |  0.1
Dodging        | |  1.9

Action                   |  1- 3 |  4- 6 || total
-------------------------+-------+-------++-------
Melee: Short sword       |    18 |       ||    18
       Hand axe          |       |     5 ||     5
       Spear             |       |     4 ||     4
Throw: Large rock        |    67 |    24 ||    91
       Throwing net      |    11 |       ||    11
       Stone             |    60 |    43 ||   103
  Use: Scroll            |       |     8 ||     8
  Eat: Chunk             |    22 |     9 ||    31
Armor: Robe              |    56 |    17 ||    73
Dodge: Dodged            |    70 |    31 ||   101

Table legend:
 A = Non-vault XP
 B = Vault XP
 C = Vault XP percentage of total XP
 D = Non-vault monster count
 E = Vault monster count
 F = Vault count percentage of total count
                 A         B        C        D         E       F
            +---------+---------+-------+---------+---------+-------
      Total |     197 |       1 |   0.5 |      64 |       1 |   1.5
            +---------+---------+-------+---------+---------+-------
        D:1 |      46 |       0 |   0.0 |      24 |       0 |   0.0
        D:2 |      32 |       1 |   3.0 |      20 |       1 |   4.8
        D:3 |      70 |       0 |   0.0 |      17 |       0 |   0.0
        D:4 |      49 |       0 |   0.0 |       3 |       0 |   0.0
            +---------+---------+-------+---------+---------+-------
